 Dungeon Crawl Stone Soup version 0.18-a0-1426-g3b9a63c (webtiles) character file.

109 Kidiri the Magician (level 4, -29/24 HPs)
             Began as a Deep Elf Fire Elementalist on Feb 27, 2016.
             Killed from afar by a hobgoblin (39 damage)
             ... with an exploding inner flame
             ... led by Robin
             ... hexed by the player character
             ... on level 3 of the Dungeon.
             The game lasted 00:12:05 (2975 turns).

Kidiri the Magician (Deep Elf Fire Elementalist)    Turns: 2975, Time: 00:12:06

Health: -29/24     AC:  3    Str:  5    XL:     4   Next: 60%
Magic:  0/12       EV: 13    Int: 21    God:
Gold:   89         SH:  0    Dex: 15    Spells: 4 memorised, 2 levels left

rFire  . . .     SeeInvis .     e - +0 dagger
rCold  . . .     Gourm    .     a - +0 robe
rNeg   . . .     Faith    .     (no shield)
rPois  .         Spirit   .     (no helmet)
rElec  .         Dismiss  .     d - +0 cloak
rCorr  .         Reflect  .     (no gloves)
SustAt .         Harm     .     (no boots)
MR     .....                    (no amulet)
Stlth  ++........               (no ring)
                                (no ring)

@: not resistant to hostile enchantments, unstealthy
A: no striking features
a: no special abilities


You were on level 3 of the Dungeon.
You were not hungry.

You visited 1 branch of the dungeon, and saw 3 of its levels.

You collected 89 gold pieces.

Inventory:

Hand Weapons
 e - a +0 dagger (weapon)
Armour
 a - a +0 robe (worn)
 d - a +0 cloak (worn)
Scrolls
 k - a scroll of magic mapping
Books
 b - a book of Flames

   Spells                             Type                      Level
   a - Flame Tongue                   Conjuration/Fire             1
   b - Throw Flame                    Conjuration/Fire             2
   c - Conjure Flame                  Conjuration/Fire             3
   d - Inner Flame                    Hexes/Fire                   3
   e - Sticky Flame                   Conjuration/Fire             4
   f - Fireball                       Conjuration/Fire             5
Comestibles
 c - 5 bread rations
 g - 8 chunks of flesh
 i - a beef jerky
 j - a fruit


   Skills:
 + Level 0.8 Fighting
 + Level 1.1 Armour
 + Level 2.6 Dodging
 + Level 2.6 Stealth
 * Level 4.3 Spellcasting
 + Level 2.0 Conjurations
 + Level 1.0 Hexes
 + Level 3.9 Fire Magic


You had 2 spell levels left.
You knew the following spells:

 Your Spells              Type           Power        Failure   Level  Hunger
a - Flame Tongue          Conj/Fire      ###..        3%          1    None
b - Throw Flame           Conj/Fire      ###...       6%          2    #......
c - Conjure Flame         Conj/Fire      ###.....     12%         3    ##.....
d - Inner Flame           Hex/Fire       ##......     14%         3    ##.....


Dungeon Overview and Level Annotations

Branches:
Dungeon (3/15)

Altars:


Message History

The goblin hits you but does no damage.
You hit the goblin but do no damage.
The goblin is moderately wounded.
The hobgoblin hits you with a club. The goblin hits you but does no damage.
Unknown command.
Casting: Flame Tongue
Confirm with . or Enter, or press ? or * to list all spells.
Aiming: Flame Tongue
Press: ? - help, Shift-Dir - straight line, f - hobgoblin
Aim: a hobgoblin, wielding a club (almost dead, consumed by blood-lust, inner flame)
The flame tongue hits the hobgoblin.
The hobgoblin explodes!
The fiery explosion engulfs Robin.
Robin explodes!
The fiery explosion engulfs the goblin.
The goblin explodes!
Your Conjurations skill increases to level 2!
The fiery explosion engulfs you!
Ouch! That really hurt!
You die...

..######## ..
...#.....# .#
#..#.....# .#
<........# ##.
#..#.....# #§.
#..#.....# #§#
...####### #§#
#.## #§# #.## #@#
...# #g# #.## #.#
### ########.#
#########.......(#
..........########
###########


You could see a goblin (frenzied).

Vanquished Creatures
  Robin (D:3)
  An adder (D:2)
  4 dart slugs
  3 worms
  2 giant geckos
  An orc (D:2)
  3 ball pythons (D:2)
  2 giant cockroaches
  16 goblins
  8 hobgoblins
  8 bats
  6 giant newts
  7 kobolds
  7 rats
69 creatures vanquished.

Notes
Turn   | Place    | Note
--------------------------------------------------------------
     0 | D:1      | Kidiri the Deep Elf Fire Elementalist began the quest for the Orb.
     0 | D:1      | Reached XP level 1. HP: 10/10 MP: 6/6
   456 | D:1      | Reached XP level 2. HP: 15/15 MP: 5/8
   464 | D:1      | Learned a level 2 spell: Throw Flame
  1519 | D:2      | Reached XP level 3. HP: 20/20 MP: 2/10
  1524 | D:2      | Learned a level 3 spell: Conjure Flame
  1528 | D:2      | Learned a level 3 spell: Inner Flame
  2146 | D:2      | Reached skill level 4 in Spellcasting
  2358 | D:2      | Reached skill level 1 in Armour
  2610 | D:2      | Reached XP level 4. HP: 24/24 MP: 2/12
  2948 | D:3      | Noticed Robin
  2956 | D:3      | Reached skill level 1 in Hexes
  2975 | D:3      | Killed Robin
  2975 | D:3      | Killed from afar by a hobgoblin

Vault maps used:
D:1:      elethiomel_arrival_infinity_welcomes_careful_drivers, glass_columns_a
D:2:      serial_curves, eino_curves_02, eino_curves_01, eino_curves_02,
          eino_curves_03, first_bread, hangedman_decor_growths,
          grunt_ministairs_6, minmay_distorted
D:3:      uniq_robin

Skill      XL: |  1  2  3  4 |
---------------+-------------+-----
Spellcasting   | 4 |  4.3
Armour         | 1 |  1.1
Hexes          | 1 |  1.0
Conjurations   | 2 |  2.0
Fighting       | |  0.8
Dodging        | |  2.6
Stealth        | |  2.6
Fire Magic     | |  3.9

Action                   |  1- 3 |  4- 6 || total
-------------------------+-------+-------++-------
Melee: Unarmed           |     4 |       ||     4
       Dagger            |     5 |    16 ||    21
 Cast: Flame Tongue      |    47 |    10 ||    57
       Throw Flame       |    38 |    14 ||    52
       Conjure Flame     |       |     1 ||     1
  Use: Scroll            |     3 |     2 ||     5
       Potion            |       |     1 ||     1
 Stab: Sleeping          |     1 |     2 ||     3
  Eat: Chunk             |     6 |     1 ||     7
